 Seeded DCSS version 0.25.1-8-g42b30a86e7 (webtiles) character file.

Game seed: 20201210 (custom seed)

564 radhat240 the Ruffian (level 7, 0/67 HPs)
             Began as a Troll Monk on Dec 15, 2020.
             Slain by Pikel
             ... wielding a +2 whip of flaming
              (3 damage)
             ... on level 5 of the Dungeon.
             The game lasted 00:07:48 (2879 turns).

radhat240 the Ruffian (Troll Monk)                  Turns: 2879, Time: 00:07:50

Health: 0/67       AC:  8    Str: 28    XL:     7   Next: 10%
Magic:  6/6        EV: 11    Int:  6    God:
Gold:   165        SH:  0    Dex: 12    Spells: 6/6 levels left

rFire    . . .     SeeInvis .     - Unarmed
rCold    . . .     Gourm    +   (no shield)
rNeg     . . .     Faith    .   a - +2 robe
rPois    .         Spirit   .   (helmet restricted)
rElec    .         Reflect  .   (no cloak)
rCorr    .         Harm     .   (gloves unavailable)
MR       .....                  (boots unavailable)
Stlth    ++........             g - amulet of regeneration
HPRegen  1.01/turn              q - +6 ring of strength
MPRegen  0.10/turn              (no ring)

@: no status effects
A: large, unfitting armour, claws 3, fast metabolism 3, gourmand, regeneration
1, shaggy fur 1, tough skin 3
a: no special abilities


You were on level 5 of the Dungeon.
You were completely stuffed.

You visited 1 branch of the dungeon, and saw 5 of its levels.

You collected 165 gold pieces.

Inventory:

Armour
 a - a +2 robe (worn)
Jewellery
 g - an amulet of regeneration (around neck)
 h - an uncursed amulet of faith {unknown}
 k - an uncursed ring of protection from fire {unknown}
 q - a +6 ring of strength (left claw)
Scrolls
 c - 2 scrolls of identify {unknown}
 d - 3 scrolls of amnesia {unknown}
 f - a scroll of enchant armour
 j - 3 scrolls of teleportation {unknown}
 l - a scroll of immolation {unknown}
 m - 2 scrolls of blinking {unknown}
 n - 2 scrolls of remove curse {unknown}
 o - a scroll of fear {unknown}
Potions
 e - 2 potions of curing {unknown}
 i - a potion of brilliance {unknown}
 p - a potion of haste {unknown}
 r - a potion of ambrosia {unknown}
Comestibles
 b - 15 rations


   Skills:
 + Level 3.0 Fighting
 + Level 3.9 Dodging
 + Level 2.1 Stealth
 + Level 6.1 Unarmed Combat


You had 6 spell levels left.
You didn't know any spells.
Your spell library was empty.

Dungeon Overview and Level Annotations

Branches:
Dungeon (5/15)
 Temple: D:4-7

Altars:
Dithmenos
Trog
Vehumet
Yredelemnul

Annotations:
D:5 Pikel


Innate Abilities, Weirdness & Mutations

You are too large for most types of armour.
You have claws for hands.
Your metabolism is lightning-fast.
You like to eat raw meat.
Your natural rate of healing is unusually fast.
You are covered in fur. (AC +1)
You have extremely tough skin. (AC +3)


Message History

Pikel burns you. The slave closely misses you. The slave barely misses you.
The slave hits you but does no damage.
You scratch Pikel.
Pikel is severely wounded.
Pikel closely misses you. The slave hits you. x2
The slave hits you but does no damage.
You scratch Pikel.
Pikel is almost dead.
Pikel hits you with a +2 whip of flaming!
* * * LOW HITPOINT WARNING * * *
Pikel burns you.
* * * LOW HITPOINT WARNING * * *
The slave closely misses you.
You closely miss Pikel.
Pikel is almost dead.
The slave barely misses you. The slave closely misses you.
Pikel hits you with a +2 whip of flaming!
* * * LOW HITPOINT WARNING * * *
Pikel burns you.
You die...

#...#.# #.....# #(...
#.#...#####...#.# #.#).#
#..##+.[...'##..# .# ##.#
#.÷##.#[#.####.#.
#..###..#..###........
..#..÷#.+.#...#.###.## #
#.......#...#...# #.# ^#
#######...###.#####.###.#
........### #...@p......#
#####)### #..Kpp......##
#.# #...p........# #.#
#.#####'###..# ## #.#
#.#..p..# .. .# ...
###.##.#### .# #.#
#...##.# .# #.# #p####.#
.# #.# #p# #p#


You could see Pikel and 4 slaves.

Vanquished Creatures
  An ice beast (D:5)
  2 crimson imps (D:5)
  A jelly (D:5)
  2 orc wizards
  2 hounds (D:5)
  An iguana (D:5)
  3 worker ants
  A gnoll (D:1)
  3 adders
  An ooze (D:2)
  2 adder skeletons
  3 worms
  3 dart slugs
  4 leopard geckos
  7 orcs
  5 giant cockroaches
  6 goblins
  13 hobgoblins
  4 jackals
  6 bats (D:1)
  7 frilled lizards
  7 kobolds
  A leopard gecko skeleton (D:5)
  12 rats
97 creatures vanquished.

Notes
Turn   | Place    | Note
-------+----------+-------------------------------------------
     0 | D:1      | radhat240 the Troll Monk began the quest for the Orb.
     0 | D:1      | Reached XP level 1. HP: 22/22 MP: 0/0
   129 | D:1      | Reached XP level 2. HP: 25/29 MP: 1/1
   204 | D:1      | Reached XP level 3. HP: 36/36 MP: 2/2
   639 | D:2      | Reached XP level 4. HP: 44/44 MP: 3/3
   671 | D:2      | Reached skill level 4 in Unarmed Combat
   966 | D:2      | Found a radiant altar of Vehumet.
   967 | D:2      | Found a basalt altar of Yredelemnul.
   968 | D:2      | Found a shadowy altar of Dithmenos.
  1716 | D:3      | Reached XP level 5. HP: 52/52 MP: 4/4
  2311 | D:4      | Reached skill level 5 in Unarmed Combat
  2338 | D:4      | Noticed a moth of wrath
  2341 | D:4      | Found a bloodstained altar of Trog.
  2479 | D:5      | Entered Level 5 of the Dungeon
  2577 | D:5      | Reached XP level 6. HP: 8/59 MP: 5/5
  2797 | D:5      | Noticed an ice beast
  2802 | D:5      | Killed an ice beast
  2802 | D:5      | Reached skill level 6 in Unarmed Combat
  2802 | D:5      | Reached XP level 7. HP: 67/67 MP: 6/6
  2868 | D:5      | Noticed Pikel
  2879 | D:5      | HP: 3/67 [Pikel/+2 whip of flaming (7)]
  2879 | D:5      | Slain by Pikel

Illustrated notes

Levels and vault maps discovered:
D:1:      dpeg_arrival_snail, layout_basic
D:2:      layout_basic, chequers_temple_overflow_statue_of_worship,
          minmay_hedge_maze, minmay_misc_feat_five
D:3:      layout_basic
D:4:      layout_loops_ring, tgw_trog, first_ration, minmay_distorted
D:5:      layout_basic, kennysheep_nub, minmay_fractal_squares_diagonal_5,
          uniq_pikel

Skill      XL: |  1  2  3  4  5  6 |
---------------+-------------------+-----
Dodging        | 3 |  3.9
Unarmed Combat | 4 5 6 |  6.1
Stealth        | 2 |  2.1
Fighting       | 3 |  3.0

Action                   |  1- 3 |  4- 6 |  7- 9 || total
-------------------------+-------+-------+-------++-------
Melee: Unarmed           |    98 |   161 |     8 ||   267
       Punch             |       |     3 |       ||     3
  Use: Scroll            |     2 |       |       ||     2
 Stab: Sleeping          |     2 |     5 |       ||     7
  Eat: Chunk             |    11 |    20 |     1 ||    32
Armor: Robe              |    28 |    67 |     7 ||   102
Dodge: Dodged            |    57 |    88 |    12 ||   157
